 Dungeon Crawl Stone Soup version 0.22-a0-567-gff9aefc (webtiles) character file.

8 Amnesiac the Ducker (level 2, -27/16 HPs)
             Began as a Spriggan Fighter on June 30, 2018.
             Killed from afar by an adder (30 damage)
             ... with an exploding inner flame
             ... hexed by the player character
             ... on level 3 of the Dungeon.
             The game lasted 00:01:24 (581 turns).

Amnesiac the Ducker (Spriggan Fighter)               Turns: 581, Time: 00:01:25

Health: -27/16     AC:  2    Str: 12    XL:     2   Next: 0%
Magic:  3/3        EV: 19    Int:  9    God:
Gold:   25         SH:  6    Dex: 15    Spells: 1/1 levels left

rFire    . . .     SeeInvis +   a - +0 rapier
rCold    . . .     Gourm    .   c - +0 buckler
rNeg     . . .     Faith    .   b - +0 robe
rPois    .         Spirit   .   (helmet restricted)
rElec    .         Reflect  .   (no cloak)
rCorr    .         Harm     .   (gloves unavailable)
MR       .....                  (boots unavailable)
Stlth    ++........             (no amulet)
HPRegen  0.05/turn              (no ring)
MPRegen  0.08/turn              (no ring)

@: lethally poisoned (-27 -> -36), very quick
A: very small, unfitting armour, see invisible, herbivore, speed 3, slow
metabolism 2
a: no special abilities


You were on level 3 of the Dungeon.
You were not hungry.

You visited 1 branch of the dungeon, and saw 3 of its levels.

You collected 25 gold pieces.

Inventory:

Hand Weapons
 a - a +0 rapier (weapon)
Armour
 b - a +0 robe (worn)
 c - a +0 buckler (worn)
Potions
 d - a potion of might {!q}
 g - a potion of ambrosia {!q, unknown}
Comestibles
 f - a ration


   Skills:
 - Level 2.4 Fighting
 * Level 2.3 Short Blades
 - Level 4.4 Dodging
 + Level 2.2 Stealth
 + Level 2.2 Shields


You had one spell level left.
You didn't know any spells.
Your spell library was empty.

Dungeon Overview and Level Annotations

Branches:
Dungeon (3/15)

Altars:


Innate Abilities, Weirdness & Mutations

You are very small and have problems with some larger weapons.
You are too small for most types of armour.
You have supernaturally acute eyesight. (SInv)
You are a herbivore.
You cover ground extremely quickly.
You need to consume almost no food.


Message History

HP restored.
You start resting.
HP restored.
There is a stone staircase leading down here.
You climb downwards.
The adder closely misses you. The adder misses you.
There is a stone staircase leading up here.
Found a pair of gloves.
You see here a pair of gloves.
Okay, then.
Really read
e - a scroll labeled JACIGUT UJECLA {!r}?
As you read the scroll labeled JACIGUT UJECLA {!r}, it crumbles to dust.
The creatures around you are filled with an inner flame!
It was a scroll of immolation {!r}.
You swing at nothing.
You barely miss the adder. The adder bites you but does no damage.
You hit the adder.
The adder is lightly wounded.
The adder bites you. The adder closely misses you.
You closely miss the adder.
The adder is lightly wounded.
The adder closely misses you.
You barely miss the adder.
The adder is lightly wounded.
The adder misses you. x2
You hit the adder.
The adder is lightly wounded.
The adder bites you.
You are poisoned.
The adder poisons you!
You hit the adder.
The adder is moderately wounded.
You feel sick. You block the adder's attack.
You closely miss the adder.
The adder is moderately wounded.
You feel sick. The adder misses you. The adder completely misses you.
You hit the adder but do no damage.
The adder is moderately wounded.
The adder misses you.
You hit the adder.
The adder is severely wounded.
You feel sick. The adder bites you.
* * * LOW HITPOINT WARNING * * *
You are lethally poisoned!
The adder poisons you! The adder barely misses you.
You closely miss the adder.
The adder is severely wounded.
* * * LOW HITPOINT WARNING * * *
You feel sick. You block the adder's attack.
You hit the adder.
The adder is almost dead.
The adder misses you.
You miss the adder.
The adder is almost dead.
* * * LOW HITPOINT WARNING * * *
You feel sick. The adder bites you but does no damage. The adder misses you.
You barely miss the adder.
The adder is almost dead.
* * * LOW HITPOINT WARNING * * *
You feel sick. The adder misses you.
You hit the adder.
The adder explodes!
The fiery explosion engulfs you!
Ouch! That really hurt!
You die...

#.......#
..w###..#.##.
#.###.#.#
#..#.###
#.##..#.#
#....#
#<##.##.#
##.###
#.......# #.#
####S#### ..#
#.# ###
#.#######
#....ยงยง@#
#########


There were no monsters in sight!

Vanquished Creatures
  A dart slug (D:3)
  A hobgoblin (D:1)
  A bat (D:3)
  2 kobolds (D:1)
  3 rats
8 creatures vanquished.

Notes
Turn   | Place    | Note
-------+----------+-------------------------------------------
     0 | D:1      | Amnesiac the Spriggan Fighter began the quest for the Orb.
     0 | D:1      | Reached XP level 1. HP: 11/11 MP: 2/2
    89 | D:1      | Reached skill level 1 in Stealth
   336 | D:3      | Reached XP level 2. HP: 5/16 MP: 3/3
   581 | D:3      | Killed from afar by an adder

Vault maps used:
D:1:      arrival_zaba_pyramid
D:2:      kennysheep_generic_room_11
D:3:      tgw_fedhas

Skill      XL: |  1 |
---------------+----+-----
Stealth        | 2 |  2.2
Fighting       | |  2.4
Short Blades   | |  2.3
Dodging        | |  4.4
Shields        | |  2.2

Action                   || total
-------------------------++-------
Melee: Rapier            ||    34
  Use: Scroll            ||     1
 Stab: Sleeping          ||     2
Armor: Robe              ||     4
Dodge: Dodged            ||    21
Block: Buckler           ||     7

Table legend:
 A = Spawn XP
 B = Non-spawn XP
 C = Spawn XP percentage of total XP
 D = Spawn monster count
 E = Non-spawn monster count
 F = Spawn count percentage of total count
 G = Total turns spent on level
                    A         B        C        D         E        F      G
               +---------+---------+-------+---------+---------+-------+---------
         Total |       0 |      12 |   0.0 |       0 |       8 |   0.0 |   581
               +---------+---------+-------+---------+---------+-------+---------
           D:1 |       0 |       6 |   0.0 |       0 |       5 |   0.0 |   237
           D:2 |       0 |       1 |   0.0 |       0 |       1 |   0.0 |   217
           D:3 |       0 |       5 |   0.0 |       0 |       2 |   0.0 |   127
               +---------+---------+-------+---------+---------+-------+---------
